 Dungeon Crawl Stone Soup version 0.28-a0-1613-gdaab1c2f9b (webtiles) character file.

Game seed: 4835312628204891170

1150 YayAnonymity the Sneak (level 8, -1/58 HPs)
             Began as a Demonspawn Delver on Jan 21, 2022.
             Slain by an ogre (23 damage)
             ... on level 6 of the Dungeon.
             The game lasted 00:11:47 (6457 turns).

YayAnonymity the Sneak (Demonspawn Delver)          Turns: 6457, Time: 00:11:47

Health: -1/58      AC: 11    Str: 15    XL:     8   Next: 15%
Magic:  8/8        EV:  6    Int: 12    God:
Gold:   188        SH:  0    Dex: 14    Spells: 7/7 levels left

rFire   + . .      SeeInvis .   h - +9 flail "Egehigre" {freeze, rPois rF+ rC+}
rCold   + . .      Faith    .   (no shield)
rNeg    . . .      Spirit   .   l - +0 chain mail
rPois   +          Reflect  .   (no helmet)
rElec   .          Harm     .   (no cloak)
rCorr   .          Rampage  .   (no gloves)
Will    .....                   f - +0 pair of boots
Stlth   ..........              (no amulet)
HPRegen 0.19/turn               (no ring)
MPRegen 0.11/turn               (no ring)

@: no status effects
A: hooves 1, molten scales 1, foul stench 2, demonic magic 2
a: no special abilities


You were on level 6 of the Dungeon.
You visited 1 branch of the dungeon, and saw 6 of its levels.

You collected 188 gold pieces.

Inventory:

Hand Weapons
 a - a +0 spear
 h - the +9 flail "Egehigre" (weapon) {freeze, rPois rF+ rC+}
   (You found it on level 5 of the Dungeon)

   It freezes those it strikes, dealing additional cold damage.
   It can also slow down cold-blooded creatures.
   rF:        It protects you from fire.
   rC:        It protects you from cold.
   rPois:     It protects you from poison.
Missiles
 j - 107 stones
 o - 4 poisoned darts (quivered)
Armour
 f - a +0 pair of boots (worn)
 l - a +0 chain mail (worn)
 s - a +0 tower shield
Jewellery
 d - a +6 ring of dexterity
Wands
 g - a wand of digging (3)
Scrolls
 b - 2 scrolls of noise {unknown}
 c - a scroll of fog
 e - a scroll of fear
 i - 6 scrolls of identify {unknown}
 k - a scroll of immolation {unknown}
 n - a scroll of blinking {unknown}
 q - 2 scrolls of teleportation {unknown}
Potions
 m - a potion of mutation {unknown}
 p - a potion of curing {unknown}
 r - a potion of ambrosia {unknown}


   Skills:
 + Level 3.0 Fighting
 * Level 7.1 Maces & Flails
 - Level 1.7 Polearms
 - Level 1.7 Dodging
 - Level 7.1 Stealth
 + Level 0.1 Shields
 + Level 0.2 Spellcasting


You had 7 spell levels left.
You didn't know any spells.
Your spell library was empty.

Dungeon Overview and Level Annotations

Branches:
Dungeon (6/15)
 Temple: D:4-7

Altars:
Ashenzari
Makhleb
Ru
Wu Jian

Shops:
D:2 :=   D:4 :


Innate Abilities, Weirdness & Mutations

You have large cloven feet.
You are partially covered in molten scales. (AC +2)
You sometimes emit foul miasma when damaged in melee.
Spells you cast may paralyse nearby enemies.


Message History

The gnoll shouts!
An ogre comes into view. It is wielding a +0 giant club.
The ogre shouts!
There is a stone staircase leading up here.
You climb upwards.
There is a stone staircase leading down here.
You start resting.
You are no longer corroded.
You start resting.
HP restored.
You climb downwards.
The gnoll zaps a wand.
The bolt of acid misses you.
There is a stone staircase leading up here.
The gnoll zaps a wand.
The bolt of acid hits you!!
You hit the gnoll. You freeze the gnoll.
The gnoll is severely wounded.
The gnoll hits you with a +0 spear.
You emit a cloud of foul miasma!
You sock the gnoll! You freeze the gnoll.
You kill the gnoll!
The gnoll barely misses you.
Things that are here:
a +0 spear; a wand of acid (7)
You barely miss the gnoll. The gnoll barely misses you.
There is a stone staircase leading up here.
You climb upwards.
There is a stone staircase leading down here.
You start resting.
HP restored.
You climb downwards.
The ogre hits you with a +0 giant club.
The gnoll hits you but does no damage. x2
The ogre hits you with a +0 giant club!!
There is a stone staircase leading up, spattered with blood here.
You barely miss the ogre. The gnoll barely misses you.
You sock the ogre! You freeze the ogre.
The ogre is heavily wounded.
The ogre hits you with a +0 giant club! The gnoll hits you with a +0 flail.
You emit a cloud of foul miasma!
You barely miss the ogre.
The ogre is heavily wounded.
The ogre hits you with a +0 giant club!!
You die...

########
#......#
#.####.#
#/# #.#
#O# #.#
#@# #.#
#g# #g#
#.#...g#
#.#...O#
#.#.....
#.#.##..
#.#.
#... #.#
....
.....


You could see an ogre and a gnoll.

Vanquished Creatures
  A sky beast (D:5)
  2 ogres
  A phantom (D:4)
  A bullfrog (D:5)
  A howler monkey (D:5)
  A jelly (D:5)
  4 orc priests
  A centaur skeleton (D:5)
  2 hounds
  3 iguanas
  5 orc wizards
  A hound skeleton (D:4)
  4 gnolls
  11 adders
  A white imp (D:5)
  5 worms
  5 dart slugs
  16 orcs
  7 ball pythons
  5 endoplasms
  2 giant cockroaches
  6 goblins
  6 hobgoblins
  4 quokkas
  5 bats
  3 frilled lizards
  7 kobolds
  5 rats
115 creatures vanquished.

Notes
Turn   | Place    | Note
-------+----------+-------------------------------------------
     0 | D:5      | YayAnonymity the Demonspawn Delver began the quest for the
                  | Orb.
     0 | D:5      | Reached XP level 1. HP: 18/18 MP: 1/1
     3 | D:5      | Identified the +9 flail "Egehigre" {freeze, rPois rF+ rC+}
   127 | D:1      | Reached skill level 1 in Maces & Flails
   253 | D:1      | Gained mutation: Spells you cast may paralyse adjacent
                  | enemies. [demonic ancestry]
   253 | D:1      | Reached XP level 2. HP: 24/24 MP: 2/2
   508 | D:1      | Found a faded altar of an unknown god.
   743 | D:1      | Gained mutation: You have large cloven feet. [demonic
                  | ancestry]
   743 | D:1      | Reached XP level 3. HP: 29/29 MP: 3/3
  1242 | D:2      | Found Nacickor's Jewellery Shoppe.
  1269 | D:2      | Found an ornate altar of the Wu Jian Council.
  1352 | D:2      | Reached skill level 5 in Stealth
  1718 | D:1      | Gained mutation: You may rarely emit foul miasma when
                  | damaged in melee. [demonic ancestry]
  1718 | D:1      | Reached XP level 4. HP: 24/35 MP: 4/4
  2001 | D:2      | Found Xoitt's Book Emporium.
  2646 | D:3      | Noticed an ogre
  2669 | D:3      | You fall into a shaft and drop 1 floor!
  2673 | D:4      | Gained mutation: Spells you cast may paralyse nearby
                  | enemies. [demonic ancestry]
  2673 | D:4      | Reached XP level 5. HP: 29/41 MP: 5/5
  2802 | D:3      | Found a broken altar of Ashenzari.
  2871 | D:3      | Killed an ogre
  3328 | D:3      | Gained mutation: You sometimes emit foul miasma when
                  | damaged in melee. [demonic ancestry]
  3328 | D:3      | Reached XP level 6. HP: 33/47 MP: 6/6
  3447 | D:3      | Found a faded altar of an unknown god.
  3798 | D:3      | Found a sacrificial altar of Ru.
  4262 | D:4      | Found Etzann's Book Boutique.
  4293 | D:3      | Reached skill level 5 in Maces & Flails
  4608 | D:4      | Gained mutation: You are partially covered in molten
                  | scales. (AC +2) [demonic ancestry]
  4608 | D:4      | Reached XP level 7. HP: 52/52 MP: 7/7
  5341 | D:5      | Found a burning altar of Makhleb.
  5728 | D:4      | Reached XP level 8. HP: 57/58 MP: 8/8
  6457 | D:6      | Slain by an ogre

Illustrated notes

Levels and vault maps discovered:
D:1:      ncdulo_watergridlock, layout_basic, shapermc_ecumenical_altar_pompeii,
          minivault_19, minmay_pentomino_o4
D:2:      layout_basic, serial_shops, shop, shop_statue, basic_altar
D:3:      layout_loops_ring, nicolae_overflow_ecumenical_swirl,
          mainiacjoe_overflow_boulevard, lightli_corner_chamber
D:4:      layout_basic, serial_shops, nicolae_diamond_shop
D:5:      layout_cave_pools, lemuel_doored_altar
D:6:      layout_basic, mainiacjoe_overflow_alcove_4, uniq_blork_the_orc,
          uniq_pikel

Skill      XL: |  1  2  3  4  5  6  7  8 |
---------------+-------------------------+-----
Maces & Flails | 1 2 3 4 5 6 7 |  7.1
Stealth        | 5 6 7 |  7.1
Fighting       | |  3.0
Polearms       | |  1.7
Dodging        | |  1.7
Shields        | |  0.1
Spellcasting   | |  0.2

Action                   |  1- 3 |  4- 6 |  7- 9 || total
-------------------------+-------+-------+-------++-------
Melee: Flail             |    60 |    98 |    82 ||   240
       Kick              |     3 |     3 |       ||     6
       Punch             |     1 |       |       ||     1
Throw: Dart              |       |     4 |       ||     4
  Use: Potion            |       |     1 |       ||     1
       Scroll            |       |       |     1 ||     1
 Stab: Sleeping          |     2 |       |       ||     2
       Distracted        |       |     1 |       ||     1
Armor: Chain mail        |    41 |    67 |    54 ||   162
Dodge: Dodged            |    19 |    34 |    13 ||    66

Table legend: (Time is in decaauts)
 A = Elapsed time spent in this place.
 B = Non-inter-level travel time spent in this place.
 C = Inter-level travel time spent in this place.
 D = Time resting spent in this place.
 E = Time spent auto-exploring this place.
 F = Levels seen in this place.
 G = Mean time per level.
                   A        B        C        D        E       F      G
               +--------+--------+--------+--------+--------+-----+--------+
         Total |   6511 |   6086 |    425 |   1802 |   3077 |   6 | 1085.2 |
       Dungeon |   6511 |   6086 |    425 |   1802 |   3077 |   6 | 1085.2 |
               +--------+--------+--------+--------+--------+-----+--------+

Top non-repeatable levels by time:
     D:2: 1466 daAuts
     D:3: 1364 daAuts
     D:1: 1343 daAuts
     D:4: 1191 daAuts
     D:5: 1099 daAuts
     D:6: 46 daAuts
